Ikachan, neutral female scurrid Archeologist ------------ |..........| #+ |....<.....| # ----- |.....I....| # #->..| ------- |..........| I #|...| |......# |..........|############################-...| |.....|### |..........+# # |...| |...II| # ----------.-# # ---- |.....+ ################# # |.I...| # # # ------- ## # # # # # ######## # # + #I # # # #+ # # +# Ikachan the Digger Experience level: 1 Strength: 11 Dexterity: 12 Constitution: 12 Intelligence: 15 Wisdom: 14 Charisma: 11 Health: 20(23) Energy: 2(2) Def: 8 Gold: 240 Moves: 833 Dungeon seed: l90BMe5l_bo06TZm Game ID: Ikachan_1474914945 Your Inventory: Coins $ - 240 gold pieces Weapons a - an uncursed +2 bullwhip h - an uncursed +0 boomerang (in quiver) Armor e - a blessed +0 leather jacket n - a blessed +0 pair of leather gloves Comestibles b - 3 uncursed chestnuts m - 2 uncursed sprigs of wolfsbane s - an uncursed newt corpse Scrolls l - an uncursed scroll of scare monster o - an uncursed scroll of earth Spellbooks p - an uncursed spellbook of restore ability Rings j - an uncursed ring of fire resistance Wands d - an uncursed wand of light (0:13) Tools c - an uncursed pair of lenses f - an uncursed sack g - an uncursed tin opener (alternate weapon; not wielded) k - an uncursed brass lantern (0:1282) Gems q - an uncursed touchstone r - an uncursed worthless piece of violet glass y - 11 uncursed rocks Spells and supernatural/magical abilities: Name Level Category Fail Memory W - pray for help -- divine ? -- Your skills at the end: Miscellaneous Skills wands [Basic] Weapon Skills boomerang [Basic] whip [Basic] Spellcasting Skills Final Attributes: You were devoutly aligned. You were sleep resistant. You were disintegration-resistant. You were shock resistant. You were poison resistant. You were petrification resistant. You were very stealthy. You could fly. You could survive without air. You were permanently polymorphed into an energy vortex. You could not change from your current form. You were fast. You survived. Vanquished creatures: a large kobold a hobgoblin a kobold 5 newts 8 creatures vanquished. Voluntary challenges: You followed a strict vegan diet. You did not adorn yourself with jewelry or accessories. You did not cause conflict. You were not invisible. You did not have reflection. You were not displaced. You were an atheist. You never hit with a wielded weapon. You did not use tools. You were illiterate. You never genocided any monsters. You never polymorphed an object. You never changed form. You used no wishes. You never split a pudding. You never wrote Elbereth's name. You never violated your personal moral code. You disabled loading bones files. Dungeon overview: The Dungeons of Doom: levels 1 to 4 Level 1 <- You were here a long staircase Level 2 Level 3 Level 4 History has recorded: On T:1 you entered the Dungeons of Doom to retrieve the Amulet of Yendor! On T:124 you reached level 2 of The Dungeons of Doom. On T:370 you reached level 3 of The Dungeons of Doom. On T:415 you reached level 4 of The Dungeons of Doom. Score breakdown: Gold: 240 ( 24 points) Experience: 1 level ( 0 points) Exploration: 4 levels ( 90 points) Discoveries: 5 items ( 250 points) Variety of kills: 4 monsters ( 200 points) Major goal: (nothing yet) ( 0 points) Survival: escaped (score multiplied by 5) Total score: 2820 Latest messages: You try to feel what is lying here on the ground. You feel here a newt corpse. s - a newt corpse. You sense a monster nearby! (3x) There's still a monster there. (2x) You sense a monster nearby! (2x) There's still a monster there. Wait! There's something there you can't see! (3x) You bump into something. (2x) Wait! There's something there you can't see! (5x) You hear some noises. You hear someone counting money. Use the 'moveonly' command to move into a remembered wall. Wait! There's something there you can't see! You sense a monster nearby! Use the 'moveonly' command to move into a remembered wall. (2x) You sense a monster nearby! (2x) There's still a monster there. If you leave the dungeon, you cannot return! The sack is empty. The sack is empty. Final status: Goodbye Ikachan the Archeologist, quit... You escaped from the dungeon with 2820 points, and 240 pieces of gold, after 833 moves. You were level 1 with a maximum of 12 hit points when you quit.